 Seeded DCSS version 0.29.1-2-gbd0b4ee654 (webtiles) character file.

Game seed: 19941 (custom seed)

2389 Ashen the Scholar of Death (level 9, -1/67 (68) HPs)
             Began as a Demonspawn Necromancer on Oct 29, 2022.
             Was a Follower of Kikubaaqudgha.
             Slain by a meliai
             ... wielding a +0 hand axe
              (9 damage)
             ... on level 8 of the Dungeon.
             The game lasted 00:20:24 (8983 turns).

Ashen the Scholar of Death (Demonspawn Necromancer) Turns: 8983, Time: 00:20:24

HP:   -1/67 (68)    AC: 12    Str:  8    XL:     9   Next: 22%
MP:   0/16          EV: 14    Int: 21    God:    Kikubaaqudgha [*.....]
Gold: 242           SH:  0    Dex: 14    Spells: 8/18 levels left

rFire   . . .      SeeInvis .   m - +0 rapier (venom)
rCold   . . .      Faith    .   (no shield)
rNeg    + . .      Spirit   .   u - +1 leather armour "Jufiosk" {+Blink rPois rN+ rCorr}
rPois   +          Reflect  .   D - +2 hat
rElec   .          Harm     .   s - +0 cloak
rCorr   +          Rampage  .   q - +0 pair of gloves
Will    .....                   (no boots)
Stlth   +++.......              (no amulet)
HPRegen 2.21/turn               i - +4 ring of protection
MPRegen 0.15/turn               (no ring)

@: lethally poisoned (-1 -> -1), animating dead, very slightly contaminated,
lightly drained
A: powered by death 2, sturdy frame 2, weakness stinger 2
a: Renounce Religion, Evoke Blink, Unearth Wretches


You were on level 8 of the Dungeon.
You worshipped Kikubaaqudgha.
Kikubaaqudgha was aware of your devotion.
You visited 2 branches of the dungeon, and saw 9 of its levels.

You collected 452 gold pieces.
You spent 210 gold pieces at shops.

Inventory:

Hand Weapons
 a - a +1 dagger of flaming
 m - a +0 rapier of venom (weapon)
Armour
 q - a +0 pair of gloves (worn)
 s - a +0 cloak (worn)
 u - the +1 leather armour "Jufiosk" (worn) {+Blink rPois rN+ rCorr}
   (You bought it in a shop on level 1 of the Dungeon)

   rPois:     It protects you from poison.
   rN:        It protects you from negative energy.
   +Blink:    It lets you blink.
   rCorr:     It protects you from acid and corrosion.
 D - a +2 hat (worn)
Jewellery
 i - a +4 ring of protection (left hand)
Wands
 v - a wand of digging (7)
 C - a wand of acid (5)
Scrolls
 c - a scroll of magic mapping {unknown}
 d - 8 scrolls of identify {unknown}
 e - 5 scrolls of amnesia {unknown}
 g - 2 scrolls of noise {unknown}
 h - a scroll of enchant armour {unknown}
 l - a scroll of summoning {unknown}
 n - a scroll of torment {unknown}
 x - a scroll of enchant weapon {unknown}
 y - a scroll of poison {unknown}
 z - 2 scrolls of teleportation {unknown}
 B - a scroll of vulnerability {unknown}
Potions
 b - a potion of magic
 f - a potion of lignification {unknown}
 j - a potion of degeneration {unknown}
 k - 8 potions of curing {unknown}
 o - a potion of mutation {unknown}
 p - a potion of ambrosia {unknown}
 r - a potion of haste {unknown}
 t - a potion of berserk rage {unknown}
 w - 2 potions of flight {unknown}
 A - a potion of heal wounds {unknown}
 E - a potion of brilliance {unknown}


   Skills:
 + Level 5.0 Fighting
 + Level 5.1 Dodging
 - Level 5.0 Stealth
 + Level 5.2 Spellcasting
 + Level 7.3 Necromancy
 + Level 4.0 Evocations


You had 8 spell levels left.
You knew the following spells:

 Your Spells              Type           Power      Damage    Failure   Level
a - Necrotise             Necr           100%       1d9       1%          1
b - Vampiric Draining     Necr           36%        2d8       1%          3
c - Animate Dead          Necr           36%        N/A       5%          4
d - Sublimation of Blood  Necr           36%        N/A       1%          2

Your spell library contained the following spells:

 Spells                   Type           Power      Damage    Failure   Level
 Summon Small Mammal      Summ           20%        N/A       11%         1
 Agony                    Necr           36%        N/A       14%         5
 Call Canine Familiar     Summ           5%         N/A       32%         3
 Portal Projectile        Hex/Tloc       10%        N/A       32%         3
 Summon Guardian Golem    Hex/Summ       5%         N/A       32%         3
 Tukima's Dance           Hex            5%         N/A       32%         3
 Blade Hands              Tmut           2%         N/A       96%         5
 Irradiate                Conj/Tmut      2%         3d12      96%         5
 Dragon Form              Tmut           2%         N/A       100%        7


Dungeon Overview and Level Annotations

Branches:
Dungeon (8/15)             Temple (1/1) D:5
   Lair: D:8-11

Altars:
Ashenzari
Cheibriados
Dithmenos
Fedhas
Hepliaklqana
Kikubaaqudgha
Nemelex Xobeh
Okawaru
Qazlal
Sif Muna
Trog
Uskayaw
Vehumet
Xom
Yredelemnul

Shops:
D:1 ([*   D:3 *   D:5 :   D:6 *


Innate Abilities, Weirdness & Mutations

You regenerate health from kills.
Your movements are less encumbered by armour. (ER -4)
You have a tail ending in a sharp stinger.


Message History

The deep elf pyromancer blinks!
The meliai hits you but does no damage. The meliai stings you!
Casting: Vampiric Draining (safe; 1% risk of failure)
Confirm with . or Enter, or press ? or * to list all spells.
Aiming: Vampiric Draining (safe; 1% risk of failure)
Press: ? - help, Shift-Dir - straight line, f/p - meliai
Aim: a meliai, wielding a +0 hand axe and wearing a +0 robe (lightly wounded)
You draw life force from the meliai.
You feel life coursing into your body.
You feel very sick. The meliai hits you with a +0 hand axe.
The meliai stings you but does no damage.
The meliai barely misses you. The meliai misses you.
Casting: Vampiric Draining (safe; 1% risk of failure)
Confirm with . or Enter, or press ? or * to list all spells.
Aiming: Vampiric Draining (safe; 1% risk of failure)
Press: ? - help, Shift-Dir - straight line, f/p - meliai
Aim: a meliai, wielding a +0 hand axe and wearing a +0 robe (moderately wounded)
You draw life force from the meliai.
You feel life coursing into your body.
You feel sick. The meliai hits you with a +0 hand axe. The meliai stings you.
The meliai barely misses you. The meliai stings you.
* * * LOW HITPOINT WARNING * * *
Aiming: Corrosive Bolt
Press: ? - help, Shift-Dir - straight line, p - meliai The bolt of acid misses the meliai.
The bolt of acid hits the ice beast!!
The acid corrodes the ice beast!
The ice beast is almost dead.
You feel sick. The meliai hits you with a +0 hand axe.
* * * LOW HITPOINT WARNING * * *
The meliai closely misses you.
The deep elf pyromancer mumbles some strange words.
The deep elf pyromancer blinks!
The meliai hits you with a +0 hand axe!
* * * LOW HITPOINT WARNING * * *
The meliai stings you but does no damage.
The efreet barely misses you.
You hit the ice beast.
You kill the ice beast!
Kikubaaqudgha accepts your kill.
The dead are walking!
You feel sick. The meliai hits you with a +0 hand axe!
You die...
Kikubaaqudgha rasps: "You have failed me!
Welcome... death!"

..........#.........
..........#.........
..........#.........
........#.'.........
########.#........
+........#........
###..#####........
#.....Z.........
#.#..@R######...
#.....y○...=#...
#.....##......#
#.....# ...°..#
#.#.... §.....#
...#.#.. .#....# ..
#.#.. ....... #
...##..


You could see an efreet (ally target), a meliai and a friendly ice beast zombie.

Vanquished Creatures
  Duvessa (D:4)
  3 ice beasts
  An ogre (D:7)
  2 centaurs (D:7)
  A wyvern zombie (D:7)
  2 scorpions
  4 bullfrogs
  2 necrophages
  3 wights (D:6)
  Dowan (D:4)
  A centaur zombie (D:7)
  3 jellies
  3 hounds
  2 iguanas (D:6)
  6 orc wizards
  2 killer bee zombies (D:7)
  10 adders
  3 gnolls (D:2)
  A white imp (D:7)
  2 worms (D:3)
  5 dart slugs
  25 orcs
  7 endoplasms
  4 giant cockroaches
  6 goblins
  8 hobgoblins
  5 kobolds
  2 quokkas (D:1)
  4 ball pythons
  6 bats
  5 frilled lizards
  14 rats
144 creatures vanquished.

Vanquished Creatures (collateral kills)
  Menkaure (D:6)
  2 bullfrogs (D:7)
  A centaur zombie (D:7)
  A bullfrog zombie (D:7)
  A jelly (D:6)
  An iguana (D:6)
  An orc wizard (D:6)
  An ufetubus (D:5)
  4 orcs (D:6)
  A bat (D:1)
  A frilled lizard (D:1)
15 creatures vanquished.

Vanquished Creatures (others)
  2 centaur zombies (D:7)
  An ice beast zombie (D:7)
  A hound zombie (D:5)
  A jelly zombie (D:7)
  5 orc zombies
10 creatures vanquished.

Grand Total: 169 creatures vanquished

Notes
Turn   | Place    | Note
-------+----------+-------------------------------------------
     0 | D:1      | Ashen the Demonspawn Necromancer began the quest for the
                  | Orb.
     0 | D:1      | Reached XP level 1. HP: 13/13 MP: 3/3
   160 | D:1      | Found Riotof's Antique Weapon Shop.
   235 | D:1      | Gained mutation: Your movements are slightly less
                  | encumbered by armour. (ER -2) [demonic ancestry]
   235 | D:1      | Reached XP level 2. HP: 19/20 MP: 0/5
   439 | D:1      | Found a faded altar of an unknown god.
   696 | D:1      | Reached skill level 1 in Fighting
   834 | D:1      | Found Vypiut's Assorted Antiques.
   844 | D:1      | Gained mutation: You have a small tail. [demonic ancestry]
   844 | D:1      | Reached XP level 3. HP: 25/26 MP: 2/6
   883 | D:1      | Found Marruhor's Antique Armour Shoppe.
  1019 | D:1      | Learned a level 3 spell: Vampiric Draining
  1575 | D:2      | Reached XP level 4. HP: 22/32 MP: 1/7
  2289 | D:3      | Reached skill level 5 in Necromancy
  2466 | D:3      | Found a blossoming altar of Fedhas.
  2540 | D:3      | Found Deropsou's Assorted Antiques.
  2626 | D:3      | Found a hazy altar of Hepliaklqana.
  2772 | D:4      | Noticed Duvessa
  2772 | D:4      | Noticed Dowan
  2798 | D:4      | Gained mutation: You regenerate a little health from kills.
                  | [demonic ancestry]
  2798 | D:4      | Reached XP level 5. HP: 28/38 MP: 2/9
  3520 | D:3      | Gained mutation: You regenerate health from kills. [demonic
                  | ancestry]
  3520 | D:3      | Reached XP level 6. HP: 44/44 MP: 6/10
  4674 | D:5      | Entered Level 5 of the Dungeon
  4779 | D:5      | Learned a level 4 spell: Animate Dead
  4795 | D:5      | Found a staircase to the Ecumenical Temple.
  4817 | Temple   | Entered the Ecumenical Temple
  4968 | Temple   | Became a worshipper of Kikubaaqudgha
  5247 | D:1      | Bought a jewelled leather armour for 210 gold pieces
  5247 | D:1      | Identified the +1 leather armour "Jufiosk" {+Blink rPois
                  | rN+ rCorr} (You bought it in a shop on level 1 of the
                  | Dungeon)
  5379 | D:4      | Killed Duvessa
  5380 | D:4      | Reached XP level 7. HP: 49/52 MP: 5/12
  5382 | D:4      | Killed Dowan
  5606 | D:5      | Reached skill level 1 in Evocations
  5623 | D:5      | Reached skill level 6 in Necromancy
  5945 | D:5      | Found a large runed translucent door.
  5946 | D:5      | Found a large runed translucent door.
  6022 | D:5      | Found Neanacku's Book Shoppe.
  6173 | D:5      | Found a radiant altar of Vehumet.
  6182 | D:5      | Found a bloodstained altar of Trog.
  6268 | D:6      | Found Imosk's Fire Supplies.
  6524 | D:6      | Found a sparkling altar of Nemelex Xobeh.
  6550 | D:6      | Reached * piety under Kikubaaqudgha
  6550 | D:6      | Received a gift from Kikubaaqudgha
  6788 | D:6      | Gained mutation: Your movements are less encumbered by
                  | armour. (ER -4) [demonic ancestry]
  6788 | D:6      | Reached XP level 8. HP: 54/60 MP: 14/14
  6816 | D:6      | Learned a level 2 spell: Sublimation of Blood
  6900 | D:6      | Noticed Menkaure
  6915 | D:6      | Killed Menkaure
  7497 | D:7      | Found a shimmering altar of Xom.
  7497 | D:7      | Found a shimmering altar of Xom.
  7497 | D:7      | Found a shimmering altar of Xom.
  7497 | D:7      | Found a shimmering altar of Xom.
  8345 | D:7      | Reached skill level 5 in Stealth
  8380 | D:7      | Reached skill level 7 in Necromancy
  8384 | D:7      | Reached skill level 5 in Spellcasting
  8384 | D:7      | Gained mutation: You have a tail ending in a sharp stinger.
                  | [demonic ancestry]
  8384 | D:7      | Reached XP level 9. HP: 52/66 MP: 3/16
  8466 | D:7      | Found a shimmering altar of Xom.
  8466 | D:7      | Found a shimmering altar of Xom.
  8470 | D:7      | Found a shimmering altar of Xom.
  8510 | D:7      | Reached skill level 5 in Dodging
  8706 | D:7      | Reached skill level 5 in Fighting
  8971 | D:8      | Noticed a meliai
  8976 | D:8      | Noticed an efreet
  8977 | D:8      | Noticed a deep elf pyromancer
  8983 | D:8      | Slain by a meliai

Illustrated notes

Levels and vault maps discovered:
D:1:      lightli_arrival_lavapool, layout_basic, serial_shops, shop_fountains,
          shop, nicolae_shop_trees,
          hellmonk_ecumenical_altar_pennies_from_heaven
D:2:      layout_loops_ring, minmay_hexomino_c4
D:3:      layout_basic, mainiacjoe_overflow_surrounded_room,
          mainiacjoe_overflow_big_doors, serial_shops, shop,
          kennysheep_generic_room_6
D:4:      layout_layer_cave, uniq_duvessa
D:5:      layout_loops_ring, jmf_multi_god_temple2, temple_statues,
          serial_shops, shop
D:6:      layout_cave_pods, nemelex_spade_bored_becter, chequers_jeans,
          nicolae_shop_fire_sale [nicolae_sub_dead_trees],
          hellmonk_bongcloud_opening, item_on_display_a, uniq_menkaure
D:7:      layout_cave_pools, xom_shifter_show, serial_undead, serial_undead_c,
          serial_undead_a, serial_undead_f, serial_undead_a
D:8:      minmay_cut_squares, layout_basic, mainiacjoe_overflow_paths
Temple:   hellmonk_temple_forest_ring

Skill      XL: |  1  2  3  4  5  6  7  8  9 |
---------------+----------------------------+-----
Stealth        | 2 3 4 5 |  5.0
Dodging        | 2 3 4 5 |  5.1
Fighting       | 1 2 3 4 5 |  5.0
Necromancy     | 5 6 7 |  7.3
Spellcasting   | 3 4 5 |  5.2
Evocations     | 2 3 4 |  4.0

Action                   |  1- 3 |  4- 6 |  7- 9 || total
-------------------------+-------+-------+-------++-------
Melee: Unarmed           |    16 |       |       ||    16
       Dagger            |    14 |    26 |       ||    40
       Tailslap          |       |    10 |    31 ||    41
       Rapier            |       |    50 |   265 ||   315
       Punch             |       |     2 |     5 ||     7
 Cast: Necrotise         |    57 |   103 |     1 ||   161
       Vampiric Draining |       |     6 |    19 ||    25
       Animate Dead      |       |     1 |     7 ||     8
Evoke: Wand              |       |       |     1 ||     1
 Stab: Sleeping          |     3 |     2 |     7 ||    12
       Distracted        |       |       |     3 ||     3
Armor: Robe              |     1 |       |       ||     1
       Leather armour    |    12 |    38 |   152 ||   202
Dodge: Dodged            |    32 |    54 |   271 ||   357
